 Dungeon Crawl Stone Soup version 0.14-a0-2910-g8a9724b (webtiles) character file.

1730 Econoterrorist the Grappler (level 8, -4/75 HPs)
             Began as a Troll Monk on Mar 2, 2014.
             Slain by an orc warrior
             ... wielding a +0,+0 halberd
              (21 damage)
             ... on Level 7 of the Dungeon.
             The game lasted 00:18:48 (4420 turns).

Econoterrorist the Grappler (Troll Monk)            Turns: 4420, Time: 00:18:48

HP  -4/75        AC  6     Str 20      XL: 8   Next: 50%
MP   3/3         EV 11     Int  6      God:
Gold 250         SH  0     Dex 19      Spells:  0 memorised,  7 levels left

rFire  . . .     SeeInvis .       - Unarmed
rCold  . . .     Clarity  .     C - +1 orc robe
rNeg   . . .     Conserve .     (shield restricted)
rPois  .         rCorr    .     (helmet restricted)
rElec  .         rRot     .     (no cloak)
SustAb . .       Spirit   .     (gloves unavailable)
rMut   .         Warding  .     (boots unavailable)
Gourm  +         Stasis   .     e - amulet of inaccuracy {unknown}
MR     .....                    (no ring)
                                m - +5 ring of dexterity

@: not resistant to hostile enchantments, fairly stealthy
A: unfitting armour, claws 3, fast metabolism 3, gourmand, regeneration 2,
saprovore 2, shaggy fur 1, tough skin 2
a: no special abilities


You were on level 7 of the Dungeon.
You were completely stuffed.

You visited 2 branches of the dungeon, and saw 8 of its levels.

You collected 302 gold pieces.
You spent 52 gold pieces at shops.

Inventory:

Hand weapons
 A - a +0,+1 whip of flaming
Armour
 C - a +1 orcish robe (worn)
Magical devices
 n - a wand of polymorph (12) {unknown}
 y - a wand of lightning (3)
 z - a wand of random effects (6) {unknown}
Comestibles
 a - a rambutan
 b - 3 meat rations
 k - 5 bread rations
 q - an apple
 s - 15 sultanas
 G - 2 chokos
Scrolls
 c - 3 scrolls of teleportation
 g - 2 scrolls of curse weapon {unknown}
 h - a scroll of remove curse
 o - a scroll of blinking {unknown}
 t - a scroll of amnesia
 u - 6 scrolls of identify
 x - a scroll of fear {unknown}
 B - a scroll of magic mapping {unknown}
 D - a scroll of recharging {unknown}
Jewellery
 e - an amulet of inaccuracy (around neck) {unknown}
 m - a +5 ring of dexterity (left claw)
Potions
 d - a potion of agility {unknown}
 f - a potion of restore abilities {unknown}
 i - a potion of speed
 j - 3 potions of curing
 l - a potion of might {unknown}
 p - a potion of resistance {unknown}
 r - a potion of invisibility
 v - 2 potions of poison {unknown}
 w - a potion of heal wounds {unknown}
 F - a potion of magic {unknown}


   Skills:
 + Level 3.1 Fighting
 - Level 2.4 Dodging
 - Level 1.1 Stealth
 - Level 11.0 Unarmed Combat


You had 7 spell levels left.
You didn't know any spells.

Dungeon Overview and Level Annotations

Branches:
Dungeon (7/16)             Temple (1/1) D:6

Altars:
Ashenzari
Dithmenos
Elyvilon
Fedhas
Kikubaaqudgha
Nemelex Xobeh
Okawaru
Sif Muna
Trog
Vehumet
Xom
Yredelemnul
The Shining One

Shops:
D:4 ?


Innate Abilities, Weirdness & Mutations

You are too large for most types of armour.
You have claws for hands.
Your metabolism is lightning-fast.
You like to eat raw meat.
You heal very quickly.
You can eat rotten meat.
You are covered in fur (AC +1).
You have very tough skin (AC +2).


Message History

You completely miss the orc warrior.
The orc warrior is lightly wounded.
The orc wizard casts a spell.
You feel troubled. The jelly hits you but does no damage.
You hit the orc warrior.
The orc warrior is lightly wounded.
The orc warrior hits you with a halberd!
The jelly closely misses you.
You hear some strange, mumbled words.
The magic dart hits you!
* * * LOW HITPOINT WARNING * * *
The orc warrior hits you but does no damage.
The jelly closely misses you.
There is a stone staircase leading up here.
The puff of flame hits you!
* * * LOW HITPOINT WARNING * * *
You hear a slurping noise.
The jelly barely misses you.
The orc warrior hits you from afar with a halberd!
You die...

#....# #.# #####...o# #.#
.........####.# #
###############.##...#
#.#.#........######.##...#
...........o.............#
....#.....o..######.###..#
...#........###....###..#
........@J..............#
...#.....)..###....######
.. ########## ######


You could see an orc warrior (bleeding), a jelly and an orc wizard.

Vanquished Creatures
  An orc warrior (D:7)
  A sky beast (D:5)
  A phantom (D:5)
  4 centaurs
  A giant frog (D:4)
  3 crimson imps (D:5)
  A jelly (D:5)
  2 hounds
  A scorpion (D:4)
  4 worker ants
  An iguana (D:4)
  8 orc wizards
  3 gnolls (D:5)
  8 adders
  2 giant mites (D:2)
  2 worms
  An adder skeleton (D:4)
  2 giant eyeballs
  2 oozes (D:1)
  19 orcs
  A ball python (D:2)
  2 giant cockroaches
  A gnoll zombie (D:5)
  10 goblins
  9 hobgoblins
  A quokka (D:4)
  11 bats
  5 giant geckos
  7 giant newts
  3 jackals
  A jackal skeleton (D:4)
  14 kobolds
  A kobold skeleton (D:4)
  11 rats
144 creatures vanquished.

Vanquished Creatures (others)
  An orc wizard (D:5)
1 creature vanquished.

Grand Total: 145 creatures vanquished

Notes
Turn   | Place    | Note
--------------------------------------------------------------
     0 | D:1      | Econoterrorist, the Troll Monk, began the quest for the Orb.
     0 | D:1      | Reached XP level 1. HP: 22/22 MP: 1/1
   134 | D:1      | Reached XP level 2. HP: 29/29 MP: 1/1
   587 | D:2      | Reached skill level 5 in Unarmed Combat
   611 | D:2      | Reached XP level 3. HP: 34/36 MP: 2/2
  1333 | D:3      | Reached XP level 4. HP: 41/44 MP: 2/2
  1689 | D:4      | Reached skill level 6 in Unarmed Combat
  1809 | D:4      | Reached XP level 5. HP: 6/50 MP: 2/2
  1968 | D:4      | Noticed a giant frog
  1976 | D:4      | Killed a giant frog
  1976 | D:4      | Reached skill level 7 in Unarmed Combat
  1988 | D:4      | Reached XP level 6. HP: 50/59 MP: 3/3
  1999 | D:4      | Noticed a centaur
  2011 | D:4      | Killed a centaur
  2058 | D:4      | Found a blossoming altar of Fedhas.
  2062 | D:4      | Found Step's Magic Scroll Shoppe.
  2116 | D:4      | Bought a scroll of identify for 26 gold pieces
  2116 | D:4      | Bought a scroll of identify for 26 gold pieces
  2132 | D:4      | Reached skill level 8 in Unarmed Combat
  2153 | D:4      | Noticed a centaur
  2164 | D:4      | Killed a centaur
  2225 | D:4      | Reached XP level 7. HP: 64/66 MP: 3/3
  2423 | D:5      | Entered Level 5 of the Dungeon
  2464 | D:5      | Reached skill level 9 in Unarmed Combat
  2762 | D:5      | Paralysed by a giant eyeball for 3 turns
  2854 | D:5      | Reached skill level 10 in Unarmed Combat
  2901 | D:5      | Reached XP level 8. HP: 53/74 MP: 3/3
  2943 | D:5      | Noticed a moth of wrath
  2946 | D:5      | Found a bloodstained altar of Trog.
  3463 | D:6      | Found a staircase to the Ecumenical Temple.
  3474 | Temple   | Entered the Ecumenical Temple
  3595 | D:6      | Found a basalt altar of Yredelemnul.
  4264 | D:7      | Reached skill level 11 in Unarmed Combat
  4420 | D:7      | Slain by an orc warrior

Action                   |  1- 3 |  4- 6 |  7- 9 || total
-------------------------+-------+-------+-------++-------
Melee: Unarmed           |   121 |   128 |   223 ||   472
  Use: Scroll            |     7 |       |       ||     7
       Potion            |       |     1 |     1 ||     2
